AoeStats
← Gungnir

QS Arena

503416337Analyzed
1v1 RM · 1mo ago on Aug 31, 2026· 37m 19s· 2 players
Game mode
Random Map
Map size
Tiny (2 player)
Population
200
Speed
Normal
Resources
Standard
Victory
Conquest
Starting age
Dark Age
Ending age
Imperial Age
RankedLock teamsTeams togetherTeam positionsShared explorationLock speedFull tech treeHidden civsTurbo modeCheats
Victory
Defeat
🇦🇷 Cumans · Argentina
1334
+13
🇧🇷 Burgundians · Brazil
1277
-13
Perlito
7:33 Feudal Age
6:27 Double-Bit Axe
11:29 Castle Age
10:19 Horse Collar
12:43 Bow Saw
18:27 Pikeman
19:28 Scale Mail Armor
19:34 Loom
20:26 Wheelbarrow
21:02 Squires
21:14 Forging
21:46 Gold Mining
22:40 Chain Mail Armor
24:01 Gold Shaft Mining
24:58 Two-Man Saw
24:00 Heavy Plow
25:51 Stone Mining
28:52 Imperial Age
27:27 Scale Barding Armor
28:00 Iron Casting
28:10 Crop Rotation
28:16 Fletching
28:58 Halberdier
30:10 Plate Mail Armor
30:42 Blast Furnace
30:05 Conscription
29:50 Bodkin Arrow
29:42 Capped Ram
30:52 Scale Barding Armor
31:51 Chemistry
31:03 Masonry
35:47 Capped Ram
Gungnir
2:42 Loom
7:17 Feudal Age
8:06 Double-Bit Axe
11:11 Horse Collar
17:22 Castle Age
16:40 Wheelbarrow
16:05 Gold Mining
17:29 Scale Barding Armor
18:48 Bow Saw
26:22 Imperial Age
24:10 Hand Cart
24:10 Heavy Plow
24:51 Gold Shaft Mining
24:07 Stone Mining
25:31 Chain Barding Armor
25:02 Fletching
25:28 Bloodlines
25:58 Steppe Husbandry
26:46 Forging
26:29 Elite Steppe Lancer
27:44 Conscription
28:33 Plate Barding Armor
30:09 Iron Casting
31:11 Ballistics
31:52 Chemistry
32:36 Town Watch
35:55 Blast Furnace
Connection lost

Rejoining the realm…

Still unreachable

The connection could not be restored.

Session expired

The server has moved on; the page needs a fresh start.